 Dungeon Crawl Stone Soup version 0.18-a0-844-g9229740 (webtiles) character file.

1279 tof the Skirmisher (level 8, -2/71 HPs)
             Began as a Minotaur Monk on Dec 19, 2015.
             Was a Priest of the Shining One.
             Slain by a sheep (9 damage)
             ... on level 7 of the Dungeon.
             The game lasted 00:19:17 (5554 turns).

tof the Skirmisher (Minotaur Monk)                  Turns: 5554, Time: 00:19:17

Health: -2/71      AC: 10    Str: 16    XL:     8   Next: 29%
Magic:  4/7        EV:  9    Int:  7    God:    the Shining One [***...]
Gold:   362        SH:  6    Dex: 15    Spells: 0 memorised, 7 levels left

rFire  + . .     SeeInvis .     A - +0 great sword
rCold  . . .     Gourm    .     z - shadow dragon hide
rNeg   + + +     Faith    .     (shield currently unavailable)
rPois  .         Spirit   .     (helmet restricted)
rElec  .         Dismiss  .     B - +0 cloak
rCorr  .         Reflect  .     k - +0 pair of gloves
SustAt .         Harm     .     o - +0 pair of boots
MR     .....                    (no amulet)
Stlth  +.........               q - ring of fire
                                i - ring of Suspicion {rC+ rN++}

@: divine shield, glowing, not resistant to hostile enchantments, very
unstealthy
A: retaliatory headbutt, horns 2, mutation resistance 1
a: Divine Shield, Renounce Religion


You were on level 7 of the Dungeon.
You worshipped the Shining One.
The Shining One was most pleased with you.
You were not hungry.

You visited 1 branch of the dungeon, and saw 7 of its levels.

You collected 362 gold pieces.

Inventory:

Hand Weapons
 d - a +0 whip
 x - a +0 morningstar
 A - a +0 great sword (weapon)
Armour
 h - a +0 chain mail
 k - a +0 pair of gloves (worn)
 o - a +0 pair of boots (worn)
 z - a shadow dragon hide (worn)
 B - a +0 cloak (worn)
Jewellery
 i - the ring of Suspicion (left hand) {rC+ rN++}
   (You found it on level 6 of the Dungeon)

   [ring of protection from cold]

   It protects you from cold.
   It greatly protects you from negative energy.
 q - a ring of fire (right hand)
Wands
 n - a wand of slowing (24)
 t - a wand of digging (18)
 y - a wand of slowing (21)
Scrolls
 a - 4 scrolls of recharging
 c - 3 scrolls of teleportation
 f - 5 scrolls of identify
 g - a scroll of amnesia
 l - a scroll of remove curse
Potions
 e - a potion of flight {unknown}
 p - a potion of might
 r - a potion of curing
 u - a potion of lignification
Books
 v - a book of Summonings

   Spells                             Type                      Level
   a - Recall                         Summoning/Translocation      3
   b - Aura of Abjuration             Summoning                    5
   c - Shadow Creatures               Summoning                    5
   d - Summon Demon                   Summoning                    5
   e - Summon Forest                  Summoning/Translocation      5
   f - Summon Mana Viper              Hexes/Summoning              5
Comestibles
 b - a bread ration
 j - 3 fruits
 s - 4 meat rations


   Skills:
 + Level 6.6 Fighting
 + Level 5.8 Long Blades
 + Level 2.9 Maces & Flails
 + Level 5.8 Armour
 + Level 5.1 Dodging
 + Level 2.0 Stealth
 + Level 5.0 Unarmed Combat


You had 7 spell levels left.
You didn't know any spells.

Dungeon Overview and Level Annotations

Branches:
Dungeon (7/15)             Temple (0/1) D:6

Altars:
The Shining One


Innate Abilities, Weirdness & Mutations

You reflexively headbutt those who attack you in melee.
You have a pair of horns on your head.
You are somewhat resistant to further mutation.


Message History

Drink which item? (? for menu, Esc to quit)
Okay, then.
Read which item? (? for menu, Esc to quit)
Okay, then.
You are too injured to fight recklessly!
You are too injured to fight recklessly!
You hit the sheep.
You kill the sheep!
You slash the sheep!
The sheep is severely wounded.
The sheep bites you!
* * * LOW HITPOINT WARNING * * *
A divine shield forms around you!
You feel slightly more hungry. The sheep bites you but does no damage.
You are too injured to fight recklessly!
You hit the sheep but do no damage.
You headbutt the sheep, but do no damage.
The sheep is severely wounded.
The sheep bites you!
You die...

#.# #.........####..... #.#
#########.# #.#### #. ##'######
#.####.###. #.# ##...(...#
#.##....##. #.# #........#
#.......)#. #.# #........#
#######.#...#. ###.## #........#
#.....#.#...#. .....####........#
#.###.#....<..
................@###.............
.....#.##########Y######.###.#.##
....##...+#%%.YY'........#.......
...###.####%....#.?..............
#### #.# ###'###....#..####.#.##
#.# #.....#..#.#..# #..... #.#
#.....#..#.#..####.#### ..#
#######..#.#........... ###
..............#########


You could see a sheep.

Vanquished Creatures
  A wyvern (D:7)
  A human (D:7)
  A sky beast (D:5)
  A centaur (D:7)
  A crimson imp (D:5)
  A centaur zombie (D:5)
  2 giant frog zombies (D:5)
  2 orc priests (D:5)
  A jelly (D:5)
  A giant frog skeleton (D:4)
  7 orc wizards
  2 worker ants (D:5)
  3 hounds
  An iguana (D:5)
  2 sheep (D:7)
  A hound zombie (D:6)
  A hound skeleton (D:4)
  6 adders
  2 oozes
  2 worms
  7 orcs
  6 bats
  9 giant cockroaches
  4 goblins
  8 hobgoblins
  4 jackals (D:6)
  8 quokkas
  A giant gecko skeleton (D:7)
  4 giant newts
  2 jackal zombies (D:5)
  5 kobolds
  A quokka skeleton (D:4)
  9 rats
  2 butterflies (D:6)
109 creatures vanquished.

Notes
Turn   | Place    | Note
--------------------------------------------------------------
     0 | D:1      | tof the Minotaur Monk began the quest for the Orb.
     0 | D:1      | Reached XP level 1. HP: 19/19 MP: 0/0
   377 | D:1      | Reached XP level 2. HP: 27/27 MP: 1/1
   828 | D:2      | Found a glowing golden altar of the Shining One.
  1018 | D:2      | Reached skill level 1 in Maces & Flails
  1018 | D:2      | Reached XP level 3. HP: 33/33 MP: 2/2
  1446 | D:2      | Reached skill level 5 in Unarmed Combat
  1728 | D:2      | Became a worshipper of the Shining One
  1728 | D:2      | Reached * piety under the Shining One
  1728 | D:2      | Reached ** piety under the Shining One
  1816 | D:3      | Reached XP level 4. HP: 40/40 MP: 3/3
  2044 | D:3      | Reached skill level 1 in Armour
  2372 | D:4      | Reached XP level 5. HP: 24/47 MP: 4/4
  2973 | D:4      | Reached skill level 1 in Long Blades
  3265 | D:5      | Entered Level 5 of the Dungeon
  3341 | D:5      | Reached XP level 6. HP: 55/55 MP: 5/5
  3389 | D:5      | Reached skill level 5 in Fighting
  3595 | D:5      | Reached *** piety under the Shining One
  3608 | D:5      | Reached XP level 7. HP: 22/61 MP: 6/6
  4410 | D:5      | Gained mutation: You are somewhat resistant to further mutation. [potion of beneficial mutation]
  4587 | D:6      | Found a staircase to the Ecumenical Temple.
  4606 | D:6      | Got a scorched tin ring
  4607 | D:6      | Identified the ring of Suspicion {rC+ rN++} (You found it on level 6 of the Dungeon)
  4731 | D:6      | Reached skill level 6 in Fighting
  4980 | D:7      | Noticed a wyvern
  4987 | D:7      | Killed a wyvern
  4987 | D:7      | Reached skill level 5 in Long Blades
  4987 | D:7      | Reached skill level 5 in Armour
  5163 | D:7      | Reached XP level 8. HP: 64/70 MP: 7/7
  5260 | D:7      | Reached skill level 5 in Dodging
  5554 | D:7      | Slain by a sheep

Vault maps used:
D:1:      dpeg_arrival_sounds_slurp
D:2:      first_bread, lemuel_tele_altar
D:4:      serial_co_window_serial, co_window_of_opportunity_a,
          co_window_corner_a, co_window_paths_b, co_window_paths_a,
          co_window_paths_b, co_window_2corner, co_window_of_opportunity_c,
          co_window_2corner, co_window_broadway_a, co_window_corner_cb,
          co_window_paths_e, glass_columns_c, glass_columns_b, glass_columns_b,
          glass_columns_b, kennysheep_generic_room_12
D:6:      minmay_temple_entry_butterflies
D:7:      grunt_livestock

Action                   |  1- 3 |  4- 6 |  7- 9 || total
-------------------------+-------+-------+-------++-------
Melee: Whip              |    93 |    29 |       ||   122
       Great sword       |       |    76 |    82 ||   158
       Morningstar       |       |     3 |       ||     3
Invok: Divine Shield     |       |       |     1 ||     1
  Use: Scroll            |       |     8 |     1 ||     9
       Potion            |       |     3 |     7 ||    10
 Stab: Sleeping          |     2 |       |       ||     2
  Eat: Chunk             |     2 |     2 |       ||     4
       Bread ration      |     1 |       |     1 ||     2
       Royal jelly       |       |       |     1 ||     1
